 Dungeon Crawl Stone Soup version 0.19.5 (webtiles) character file.

227 McKennaii the Archer (level 5, 0/54 HPs)
             Began as a High Elf Hunter on May 2, 2017.
             Was an Initiate of Okawaru.
             Succumbed to an orc wizard's poison
             ... on level 4 of the Dungeon.
             The game lasted 00:04:21 (1870 turns).

McKennaii the Archer (High Elf Hunter)              Turns: 1870, Time: 00:04:22

Health: 0/54       AC: 22    Str: 10 (11) XL:     5   Next: 70%
Magic:  6/6        EV:  2    Int: 12 (14) God:    Okawaru [......]
Gold:   100        SH:  0    Dex: 16 (17) Spells: 0 memorised, 4 levels left

rFire  . . .     SeeInvis .     a - +1 shortbow
rCold  . . .     Gourm    .     (armour currently unavailable)
rNeg   + + +     Faith    .     (shield currently unavailable)
rPois  +         Spirit   .     (helmet currently unavailable)
rElec  .         Reflect  .     (cloak currently unavailable)
rCorr  .         Harm     .     (gloves currently unavailable)
MR     .....     NoTele   +     (boots currently unavailable)
Stlth  ++........               l - amulet of magic regeneration
                                (no ring)
                                (no ring)

@: lethally poisoned (0 -> -3), tree-form
A: no striking features
a: Renounce Religion


You were on level 4 of the Dungeon.
You worshipped Okawaru.
Okawaru was noncommittal.
You were hungry.
You were a tree.
You visited 1 branch of the dungeon, and saw 4 of its levels.

You collected 100 gold pieces.

Inventory:

Hand Weapons
 a - a +1 shortbow (weapon)
 b - a +0 short sword
Missiles
 d - 78 arrows (quivered)
Armour
 c - a +0 leather armour (melded)
Jewellery
 l - an amulet of magic regeneration (around neck)
Scrolls
 e - 2 scrolls of remove curse {unknown}
 h - 6 scrolls of identify {unknown}
 k - a scroll of teleportation {unknown}
 m - a scroll of immolation {unknown}
 p - a scroll of blinking {unknown}
 r - a scroll of magic mapping {unknown}
 s - a scroll of recharging {unknown}
Potions
 g - a potion of curing {unknown}
 i - a potion of invisibility {unknown}
 j - a potion of lignification
 n - a potion of agility {unknown}
 o - 2 potions of degeneration
 q - a potion of flight {unknown}
Comestibles
 f - 2 bread rations


   Skills:
 + Level 3.0 Fighting
 + Level 8.3 Bows
 + Level 1.0 Armour
 + Level 2.5 Dodging
 + Level 1.3 Stealth


You had 4 spell levels left.
You didn't know any spells.

Dungeon Overview and Level Annotations

Branches:
Dungeon (4/15)
 Temple: D:4-7

Altars:
Okawaru
Qazlal
Trog


Message History

You are poisoned.
Okay, then.
Okay, then.
You are too injured to fight recklessly!
Firing (i - inventory):
d - 78 arrows (quivered)
Press: ? - help, Shift-Dir - straight line, f/p - orc wizard
Aim: an orc wizard, wielding a dagger of venom and wearing a robe (heavily wounded, fast)
Okay, then.
Okay, then.
It was a potion of degeneration.
There was something very wrong with that liquid.
You feel weakened.
You feel dopey.
You feel clumsy.
You feel sick.
The orc wizard gestures at you while chanting.
The magic dart hits you!
* * * LOW HITPOINT WARNING * * *
It was a potion of lignification.
You turn into a tree.
Your +0 leather armour melds into your body.
Your roots penetrate the ground.
You die...

######..###.## #.(.(.
#..# #.# ....(
#..###.## ....
#..#..... ...
#######..#..... .(
#.............. #(
#........#.....
#.###o###.#####.##.....
#....o♣.........####.##
#.###.########..####.#
... ...........)..#
#.### #######..###### #
#..# #.[# #..# #.## ###


You could see an orc priest and an orc wizard.

Vanquished Creatures
  An orc priest (D:3)
  Jessica (D:2)
  8 adders
  An ooze (D:2)
  2 worms
  4 dart slugs
  4 leopard geckos
  4 orcs
  5 giant cockroaches
  10 hobgoblins
  3 jackals (D:1)
  10 kobolds
  3 ball pythons (D:1)
  5 bats
  5 frilled lizards
  7 goblins
  5 rats
78 creatures vanquished.

Notes
Turn   | Place    | Note
-------+----------+-------------------------------------------
     0 | D:1      | McKennaii the High Elf Hunter began the quest for the Orb.
     0 | D:1      | Reached XP level 1. HP: 14/14 MP: 2/2
    90 | D:1      | Reached XP level 2. HP: 15/19 MP: 3/3
   174 | D:1      | Reached skill level 6 in Bows
   396 | D:1      | Reached XP level 3. HP: 24/24 MP: 4/4
   878 | D:2      | Found an iron altar of Okawaru.
   882 | D:2      | Found a bloodstained altar of Trog.
   883 | D:2      | Found a stormy altar of Qazlal.
   886 | D:2      | Became a worshipper of Warmaster Okawaru
   929 | D:2      | Reached XP level 4. HP: 30/30 MP: 5/5
   936 | D:2      | Noticed Jessica
   952 | D:2      | Killed Jessica
   952 | D:2      | Reached skill level 7 in Bows
  1131 | D:2      | Reached XP level 5. HP: 35/35 MP: 6/6
  1556 | D:3      | Reached skill level 8 in Bows
  1660 | D:3      | Reached skill level 1 in Armour
  1869 | D:4      | HP: 1/36 [orc wizard/magic dart (8)]
  1870 | D:4      | Succumbed to an orc wizard's poison

Skill      XL: |  1  2  3  4  5 |
---------------+----------------+-----
Bows           | 6 7 8 |  8.3
Fighting       | 3 |  3.0
Armour         | 1 |  1.0
Dodging        | |  2.5
Stealth        | |  1.3

Action                   |  1- 3 |  4- 6 || total
-------------------------+-------+-------++-------
 Fire: Shortbow          |   119 |   120 ||   239
  Use: Potion            |       |     2 ||     2
  Eat: Chunk             |       |     2 ||     2
Armor: Leather armour    |    14 |     2 ||    16
Dodge: Dodged            |    26 |    12 ||    38
